Map: Wildwuchs LE (Void)

Players

eVolution - Winner!

  • Race: Protoss Protoss
  • League: Diamond
  • Spawn Location: 7:00

Bobby

  • Race: Zerg Zerg
  • League: Diamond
  • Spawn Location: 1:00

VOD

Have the link to the VOD?

Description

How to beat Zerg with Airtoss

Time

  • Played on: Dec. 18, 2016, 3:54 p.m.
  • Length: 16:47
Show
View Real Time Build Order
Export as new Build Order

eVolution Protoss - Winner!

Build Orders: 1 Gate Expand, Phoenix Opening, Carrier Rush 

Get SALT Encoding   

  12  0:01  Probe (Chrono Boost)  
  13  0:12  Probe (Chrono Boost)  
  14  0:19  Pylon  
  14  0:22  Probe (Chrono Boost)  
  15  0:37  Probe (Chrono Boost)  
  15  0:40  Gateway  
  16  0:47  Probe (Chrono Boost)  
  16  0:48  Assimilator  
  17  0:58  Probe (Chrono Boost)  
  18  1:08  Probe (Chrono Boost)  
  19  1:19  Probe (Chrono Boost)  
  20  1:27  Nexus  
  20  1:30  Probe (Chrono Boost)  
  21  1:41  Probe (Chrono Boost)  
  21  1:44  Cybernetics Core  
  22  1:50  Assimilator  
  23  1:54  Probe (Chrono Boost)  
  23  1:58  Pylon  
  23  2:16  Probe (Chrono Boost)  
  24  2:23  Stargate, Adept  
  24  2:28  Probe (Chrono Boost)  
  27  2:40  Probe x2 (Chrono Boost)  
  29  2:45  Pylon  
  29  2:50  Probe x2 (Chrono Boost)  
  31  3:01  Mothership Core (Chrono Boost), Probe (Chrono Boost)  
  34  3:06  Phoenix  
  34  3:11  Assimilator, Probe (Chrono Boost)  
  37  3:15  Assimilator  
  37  3:19  Probe (Chrono Boost)  
  38  3:22  Probe (Chrono Boost)  
  39  3:30  Probe (Chrono Boost)  
  39  3:32  Probe (Chrono Boost)  
  41  3:39  Fleet Beacon  
  41  3:41  Probe (Chrono Boost)  
  42  3:43  Probe (Chrono Boost)  
  43  3:51  Probe (Chrono Boost)  
  43  3:53  Pylon, Probe (Chrono Boost)  
  45  3:58  Stargate  
  45  4:02  Probe (Chrono Boost)  
  46  4:04  Probe (Chrono Boost)  
  47  4:12  Probe (Chrono Boost)  
  47  4:14  Probe (Chrono Boost)  
  49  4:23  Probe (Chrono Boost)  
  50  4:25  Probe (Chrono Boost)  
  50  4:28  Pylon  
  50  4:31  Carrier  
  51  4:33  Probe (Chrono Boost)  
  51  4:35  Carrier  
  51  4:36  Probe (Chrono Boost)  
  59  4:47  Pylon  
  59  4:51  Probe x2 (Chrono Boost)  
  67  5:08  Forge  
  67  5:10  Pylon  
  67  5:24  Protoss Air Weapons Level 1  
  67  5:27  Graviton Catapult  
  67  5:42  Nexus  
  67  5:43  Pylon  
  67  5:45  Pylon  
  67  5:49  Assimilator  
  65  5:51  Void Ray  
  65  5:53  Assimilator  
  65  5:55  Void Ray  
  72  6:25  Probe x2 (Chrono Boost)  
  74  6:31  Carrier x2  
  74  6:35  Photon Cannon  
  74  6:37  Probe x2 (Chrono Boost), Photon Cannon  
  74  6:38  Photon Cannon  
  76  6:40  Photon Cannon  
  88  6:49  Probe (Chrono Boost)  
  88  6:50  Probe (Chrono Boost)  
  92  7:01  Probe (Chrono Boost)  
  92  7:02  Probe (Chrono Boost)  
  92  7:07  Stargate  
  93  7:08  Probe (Chrono Boost)  
  93  7:09  Stargate  
  93  7:10  Protoss Air Armor Level 1  
  93  7:12  Pylon  
  93  7:13  Pylon  
  93  7:14  Probe x2 (Chrono Boost)  
  95  7:19  Probe (Chrono Boost)  
  96  7:26  Probe (Chrono Boost)  
  96  7:28  Cybernetics Core  
  97  7:48  Probe (Chrono Boost)  
  97  7:49  Probe (Chrono Boost)  
  97  7:50  Probe (Chrono Boost)  
  100  7:52  Protoss Air Weapons Level 2, Tempest  
  100  7:56  Tempest, Photon Cannon x2  
  100  7:58  Tempest, Photon Cannon  
  118  8:00  Photon Cannon  
  118  8:15  Tempest  
  118  8:47  Tempest  
  112  8:53  Tempest x2  
  130  9:03  Tempest  
  130  9:18  Nexus  
  130  9:19  Pylon  
  130  9:21  Pylon  
  130  9:25  Assimilator  
  130  9:27  Carrier  
  130  9:30  Assimilator  
  130  9:35  Pylon  
  130  9:37  Carrier  
  136  9:42  Carrier  
  148  9:51  Photon Cannon  
  148  9:52  Photon Cannon  
  148  9:53  Photon Cannon  
  148  9:54  Photon Cannon  
  147  10:26  Pylon x2  
  147  10:39  Nexus  
  147  10:41  Pylon  
  145  10:43  Photon Cannon x2  
  145  10:44  Carrier  
  145  10:45  Photon Cannon  
  151  11:00  Carrier  
  151  11:07  Carrier  
  151  11:09  Protoss Air Weapons Level 3  
  145  11:11  Protoss Air Armor Level 2, Carrier  
  147  12:05  Photon Cannon x2  
  147  12:08  Photon Cannon  
  147  12:09  Carrier  
  147  12:15  Carrier  
  153  12:21  Carrier, Photon Cannon  
  153  12:23  Pylon  
  153  12:25  Photon Cannon  
  159  12:30  Photon Cannon  
  153  12:37  Carrier  
  155  13:08  Mothership Core (Chrono Boost)  
  155  13:09  Probe (Chrono Boost)  
  157  13:21  Probe (Chrono Boost)  
  157  13:29  Carrier  
  157  13:33  Probe (Chrono Boost)  
  158  13:35  Protoss Air Armor Level 3, Carrier  
  158  13:36  Carrier  
  164  13:47  Nexus  
  164  13:48  Pylon  
  176  13:52  Pylon  
  176  13:53  Pylon  
  182  13:56  Assimilator  
  182  14:00  Assimilator  
  182  14:03  Carrier  
  188  14:12  Photon Cannon  
  188  14:15  Photon Cannon  
  188  14:18  Photon Cannon  
  188  14:20  Photon Cannon  
  188  14:21  Photon Cannon  
  188  14:24  Photon Cannon  
  188  14:26  Photon Cannon  
  188  14:28  Photon Cannon  
  188  14:34  Pylon  
  188  14:36  Pylon  
  189  14:38  Probe (Chrono Boost)  
  189  14:51  Probe (Chrono Boost)  
  190  14:53  Stargate  
  190  14:54  Stargate  
  190  14:55  Pylon  
  190  14:59  Void Ray x2  
  190  15:03  Probe (Chrono Boost)  
  199  15:51  Nexus, Pylon  
  199  15:52  Pylon  
  199  15:54  Pylon  
  199  15:56  Pylon  
  199  16:00  Assimilator  
  199  16:04  Assimilator  
Show
View Real Time Build Order
Export as new Build Order

Bobby Zerg 

Build Orders: Hatch First 

Get SALT Encoding   

  12  0:01  Drone  
  13  0:12  Overlord  
  13  0:22  Drone  
  14  0:31  Drone x2  
  16  1:06  Hatchery  
  16  1:10  Spawning Pool, Drone  
  15  1:14  Drone  
  15  1:16  Drone  
  17  1:21  Extractor  
  16  1:26  Drone  
  17  1:38  Drone  
  18  1:44  Drone  
  19  1:54  Overlord  
  19  1:57  Queen  
  21  2:12  Drone  
  22  2:22  Hatchery  
  21  2:29  Drone x2  
  23  2:30  Queen  
  25  2:40  Drone x3  
  29  2:51  Drone  
  29  2:52  Drone x2  
  31  3:01  Roach Warren  
  31  3:04  Lair  
  30  3:10  Spore Crawler  
  29  3:15  Spore Crawler  
  29  3:18  Drone x2  
  30  3:22  Drone x2  
  30  3:26  Overlord  
  32  3:34  Drone  
  32  3:35  Drone  
  32  3:36  Drone  
  35  3:45  Overlord  
  35  3:52  Drone  
  35  3:53  Queen, Drone  
  39  4:00  Drone x3  
  39  4:02  Extractor  
  41  4:03  Overlord  
  41  4:04  Extractor  
  41  4:07  Glial Reconstitution  
  40  4:14  Evolution Chamber  
  40  4:16  Drone x2  
  41  4:19  Spore Crawler  
  40  4:39  Drone x3  
  40  4:40  Roach  
  40  4:41  Roach x6  
  57  4:55  Zerg Missile Weapons Level 1  
  57  5:01  Drone  
  58  5:08  Overlord x2  
  58  5:09  Overlord x3  
  58  5:27  Drone x3  
  61  5:29  Drone x2  
  61  5:30  Drone x2  
  61  5:31  Drone x2  
  67  5:37  Drone  
  67  5:39  Drone x2  
  70  5:47  Ravager  
  70  5:48  Ravager  
  72  5:50  Roach x3  
  72  5:52  Roach  
  72  5:55  Roach  
  72  5:56  Roach x6  
  78  6:34  Hydralisk Den  
  78  6:36  Drone  
  78  6:37  Drone x5  
  78  6:38  Extractor  
  82  6:41  Extractor  
  82  6:43  Extractor  
  80  6:52  Zerg Missile Weapons Level 2  
  80  7:02  Hydralisk x3  
  80  7:03  Hydralisk x6  
  98  7:22  Muscular Augments  
  98  7:24  Hatchery  
  89  7:36  Hydralisk x2  
  89  7:37  Hydralisk x3  
  93  7:59  Hydralisk x2  
  93  8:04  Overlord x5  
  93  8:05  Overlord  
  97  8:06  Overlord  
  97  8:14  Ravager  
  98  8:22  Ravager  
  98  8:24  Hydralisk x2  
  73  8:45  Hydralisk x3  
  73  8:46  Hydralisk x5  
  73  8:47  Hydralisk x5  
  97  8:48  Hydralisk  
  97  8:49  Hydralisk x2  
  95  9:08  Hatchery  
  94  9:10  Drone x3  
  94  9:14  Hydralisk x5, Extractor  
  94  9:15  Extractor  
  105  9:21  Overseer x2  
  105  9:33  Drone x3  
  105  9:34  Drone x3  
  105  9:38  Drone x2  
  113  9:39  Queen  
  113  9:44  Zerg Ground Armor Level 1  
  115  10:08  Hydralisk x4  
  115  10:09  Hydralisk x2  
  127  10:14  Drone x2  
  127  10:15  Drone  
  130  10:27  Hydralisk  
  130  10:28  Hydralisk x2  
  134  10:32  Drone  
  134  10:33  Drone  
  138  10:44  Hydralisk  
  138  10:45  Hydralisk x2  
  138  10:48  Hydralisk x7  
  78  11:41  Hydralisk x3  
  78  11:42  Hydralisk x6  
  96  11:51  Spawning Pool  
  95  12:11  Drone x5  
  100  12:20  Hatchery  
  82  12:49  Hydralisk x3  
  82  12:50  Hydralisk x3  
  64  13:08  Hydralisk  
  52  13:14  Hatchery  
  52  13:17  Hydralisk  
  52  13:25  Hydralisk x4  
  60  13:28  Hatchery  
  59  13:41  Drone  
  60  13:48  Spawning Pool  
  53  14:08  Hydralisk x3  
  53  14:09  Hydralisk  
  61  14:37  Spore Crawler  
  60  14:39  Spore Crawler  
  60  14:40  Lair  
  60  14:43  Hydralisk  
  61  14:55  Drone  
  61  14:56  Drone x2  
  64  15:10  Hydralisk x3  
  64  15:11  Hydralisk  
  72  15:15  Drone x2  
  72  15:18  Extractor  
  73  15:37  Infestation Pit  
  73  15:40  Hydralisk  
  73  15:41  Hydralisk x3  
  80  15:53  Drone x3  
  76  16:08  Overseer  
  76  16:09  Overseer  
  76  16:10  Overseer  
  72  16:11  Hydralisk x3  
Tags
 
Add a new tag
Caveats
  • Supply blocks, unpowered buildings, or Contaminate may cause inaccurate times.
  • Supply counts are checked every 10 seconds.